 Dungeon Crawl Stone Soup version 0.29.1-13-g9f3cf754e1 (webtiles) character file.

Game seed: 2116626125645360898

12 promet the Trooper (level 2, 33/33 HPs)
             Began as an Ogre Berserker on Jan 25, 2023.
             Was a Follower of Trog (penitent).
             Quit the game on level 1 of the Dungeon.
             The game lasted 00:02:04 (362 turns).

promet the Trooper (Ogre Berserker)                  Turns: 362, Time: 00:02:04

Health: 33/33      AC:  4    Str: 20    XL:     2   Next: 33%
Magic:  2/2        EV: 10    Int:  8    God:    Trog [*.....]
Gold:   27         SH:  0    Dex:  8    Spells: 0/1 levels left

rFire   . . .      SeeInvis .   a - +0 hand axe
rCold   . . .      Faith    .   (no shield)
rNeg    . . .      Spirit   .   b - +1 animal skin
rPois   .          Reflect  .   (helmet restricted)
rElec   .          Harm     .   (no cloak)
rCorr   .          Rampage  .   (gloves unavailable)
Will    .....                   (boots unavailable)
Stlth   +.........              (no amulet)
HPRegen 0.11/turn               (no ring)
MPRegen 0.08/turn               (no ring)

@: no status effects
A: large, unfitting armour, tough skin 1
a: Renounce Religion


You were on level 1 of the Dungeon.
You worshipped Trog.
Trog was demanding penance.
You visited 1 branch of the dungeon, and saw 1 of its levels.

You collected 27 gold pieces.

Inventory:

Hand Weapons
 a - a +0 hand axe (weapon)
Armour
 b - a +1 animal skin (worn)
Jewellery
 c - a ring of positive energy
Potions
 d - a potion of curing {unknown}
 e - a potion of attraction {unknown}


   Skills:
 + Level 4.4 Fighting
 + Level 3.2 Axes
 + Level 2.9 Dodging


You couldn't memorise any spells.
You knew the following spells:

 Your Spells              Type           Power      Damage    Failure   Level
a - Magic Dart            Conj           0%         1d3       41%         1

Your spell library contained the following spells:

 Spells                   Type           Power      Damage    Failure   Level
 Searing Ray              Conj           0%         2d4       54%         2
 Fulminant Prism          Conj/Hex       0%         3d6       99%         4


Dungeon Overview and Level Annotations

Branches:
Dungeon (1/15)

Altars:


Innate Abilities, Weirdness & Mutations

You are too large for most types of armour.
You have tough skin. (AC +1)


Message History

As you read the scroll labelled LEAHOTOETT, it crumbles to dust.
It is a scroll of enchant armour.
Your +0 animal skin glows green for a moment.
Found a stone staircase leading down.
A rat comes into view.
The rat twitches its whiskers.
You hit the rat.
You kill the rat!
Trog accepts your kill.
You see here a rat corpse.
There is a stone staircase leading down here.
A hobgoblin comes into view.
Found a book of Conjurations.
The hobgoblin shouts!
You barely miss the hobgoblin. The hobgoblin hits you.
You hit the hobgoblin.
The hobgoblin is lightly wounded.
The hobgoblin hits you.
You hit the hobgoblin.
You kill the hobgoblin!
Trog accepts your kill.
You see here a hobgoblin corpse.
You start resting.
HP restored.
Found a bubbling clear potion.
You see here a book of Conjurations.
Your library has no spells.
You see here a book of Conjurations.
You pick up a book of Conjurations and begin reading...
You add the spells Magic Dart, Searing Ray and Fulminant Prism to your library.
Your god hates spellcasting!
Memorise Magic Dart, consuming 1 spell level and leaving 0? [Y]es or [N]o only, please.
Memorise Magic Dart, consuming 1 spell level and leaving 0?
You feel very guilty. "You will pay for your transgression, mortal!"
You start memorising the spell.
You continue memorising.
You finish memorising.
Spell assigned to 'a'.
d - a bubbling clear potion Are you sure you want to abandon this character and quit the game? (Confirm with "yes".)

#†........#
#.#.##
##...#####
#..#.) #.....#
###.## #.....#
#. # #.>...####
#. . ##........
## # #....#### #
#.#.## ########.
. #.#.#
#@....... .
#.#.# #.#####..
#†#.# #.#
###.#.# #.# #
#.....# #.# #..
#.#.### #.#
#...#.#.######.#
...............#
............####


There were no monsters in sight!

Vanquished Creatures
  An endoplasm (D:1)
  A goblin (D:1)
  2 hobgoblins (D:1)
  2 quokkas (D:1)
  4 frilled lizards (D:1)
  A kobold (D:1)
  A rat (D:1)
12 creatures vanquished.

Notes
Turn   | Place    | Note
-------+----------+-------------------------------------------
     0 | D:1      | promet the Ogre Berserker began the quest for the Orb.
     0 | D:1      | Reached XP level 1. HP: 24/24 MP: 1/1
    79 | D:1      | Reached XP level 2. HP: 27/32 MP: 2/2
   346 | D:1      | Was placed under penance by Trog
   348 | D:1      | Learned a level 1 spell: Magic Dart
   362 | D:1      | Quit the game

Illustrated notes

Levels and vault maps discovered:
D:1:      dpeg_arrival_rooms_a, layout_loops_ring

Action                   || total
-------------------------++-------
Melee: Hand axe          ||    27
  Use: Scroll            ||     1
Armor: Animal skin       ||     6
Dodge: Dodged            ||     9
